| TOP OF THE 1ST |
|
Toronto Blue Jays batting - Pitching for California Angels : RHP Clay Kirby
|
|
Pitching: RHP Clay Kirby
|
|
|
Batting: LHB Sheldon Mallory
|
0-0: Ground out 6-3 (Groundball, 6, EV 78.1 MPH)
|
|
Batting: RHB Jose Gonzalez
|
0-0: Ball 1-0: Ball 2-0: Called Strike 2-1: Foul Ball, location: 2F 2-2: Foul Ball, location: 2F 2-2: SINGLE (Flyball, 7S, EV 95.6 MPH)
|
|
Batting: SHB Harold Reynolds
|
0-0: Ball 1-0: Foul Ball, location: 2F 1-1: Foul Ball, location: 2F 1-2: Fly out, F8 (Line Drive, 8LD, EV 84.4 MPH)
|
|
Batting: RHB Juan Monasterio
|
0-0: Ball 1-0: Called Strike 1-1: Ground out 4-3 (Groundball, 13, EV 87.5 MPH)
|
| Top of the 1st over - 0 runs, 1 hit, 0 errors, 1 left on base; Toronto 0 - California 0 |
| BOTTOM OF THE 1ST |
|
California Angels batting - Pitching for Toronto Blue Jays : LHP Tom Deidel
|
|
Pitching: LHP Tom Deidel
|
|
|
Batting: RHB Frank White
|
0-0: Called Strike 0-1: Swinging Strike 0-2: SOLO HOME RUN (Flyball, 9LD, EV 93.1 MPH), Distance : 369 ft
|
|
Batting: RHB Duke Hinds
|
0-0: Called Strike 0-1: Foul Ball, location: 2F 0-2: Foul Ball, location: 2F 0-2: Ball 1-2: Ball 2-2: Ground out 5-3 (Groundball, 56, EV 86.9 MPH)
|
|
Batting: SHB Jon Hernandez
|
0-0: Ball 1-0: Ball 2-0: Ball 3-0: Base on Balls
|
|
Batting: RHB Jeff Atherton
|
0-0: Grounds into double play, 6-4-3 (Groundball, 56, EV 100.6 MPH)
|
| Bottom of the 1st over - 1 run, 1 hit, 0 errors, 0 left on base; Toronto 0 - California 1 |
| TOP OF THE 2ND |
|
Toronto Blue Jays batting - Pitching for California Angels : RHP Clay Kirby
|
|
Batting: LHB Darryl Strawberry
|
0-0: Called Strike 0-1: Foul Ball, location: 2F 0-2: Foul Ball, location: 2F 0-2: Fly out, F8 (Flyball, 8LM, EV 90.6 MPH)
|
|
Batting: RHB Cal Ripken
|
0-0: Called Strike 0-1: Foul Ball, location: 2F 0-2: Foul Ball, location: 2F 0-2: Fly out, F8 (Flyball, 8RXD, EV 92.5 MPH)
|
|
Batting: LHB Paul O'Neill
|
0-0: Swinging Strike 0-1: Swinging Strike 0-2: Ball 1-2: Ball 2-2: Strikes out swinging
|
| Top of the 2nd over - 0 runs, 0 hits, 0 errors, 0 left on base; Toronto 0 - California 1 |
| BOTTOM OF THE 2ND |
|
California Angels batting - Pitching for Toronto Blue Jays : LHP Tom Deidel
|
|
Batting: LHB John Milner
|
0-0: Called Strike 0-1: Ball 1-1: Ball 2-1: Foul Ball, location: 2F 2-2: Ball 3-2: Fly out, F6 (Popup, 15, EV 88.8 MPH)
|
|
Batting: SHB Manny Castillo
|
0-0: Ground out 6-3 (Groundball, 6, EV 86.9 MPH)
|
|
Batting: SHB Ignacio Medina
|
0-0: Ball 1-0: Ball 2-0: Called Strike 2-1: Fly out, F9 (Flyball, 9S, EV 86.9 MPH)
|
| Bottom of the 2nd over - 0 runs, 0 hits, 0 errors, 0 left on base; Toronto 0 - California 1 |
| TOP OF THE 3RD |
|
Toronto Blue Jays batting - Pitching for California Angels : RHP Clay Kirby
|
|
Batting: RHB Fritzie Connally
|
0-0: Called Strike 0-1: Fly out, F8 (Flyball, 8LM, EV 75.6 MPH)
|
|
Batting: RHB Dann Bilardello
|
0-0: Ball 1-0: Called Strike 1-1: Foul Ball, location: 2F 1-2: Foul Ball, location: 2F 1-2: Strikes out swinging
|
|
Batting: LHB Sheldon Mallory
|
0-0: Called Strike 0-1: Called Strike 0-2: Strikes out swinging
|
| Top of the 3rd over - 0 runs, 0 hits, 0 errors, 0 left on base; Toronto 0 - California 1 |
| BOTTOM OF THE 3RD |
|
California Angels batting - Pitching for Toronto Blue Jays : LHP Tom Deidel
|
|
Batting: RHB Mike Bishop
|
0-0: Ball 1-0: Called Strike 1-1: Foul Ball, location: 2F 1-2: Foul Ball, location: 2F 1-2: Strikes out swinging
|
|
Batting: LHB Franklin Lopez
|
0-0: Foul Ball, location: 2F 0-1: Called Strike 0-2: Foul Ball, location: 2F 0-2: Ball 1-2: Strikes out swinging
|
|
Batting: RHB Frank White
|
0-0: Fly out, F6 (Popup, 4MS, EV 87.5 MPH)
|
| Bottom of the 3rd over - 0 runs, 0 hits, 0 errors, 0 left on base; Toronto 0 - California 1 |
| TOP OF THE 4TH |
|
Toronto Blue Jays batting - Pitching for California Angels : RHP Clay Kirby
|
|
Batting: RHB Jose Gonzalez
|
0-0: Called Strike 0-1: Ball 1-1: Swinging Strike 1-2: Strikes out swinging
|
|
Batting: SHB Harold Reynolds
|
0-0: Ball 1-0: Called Strike 1-1: Ball 2-1: Foul Ball, location: 2F 2-2: Ball 3-2: Ground out 4-3 (Groundball, 4, EV 81.3 MPH)
|
|
Batting: RHB Juan Monasterio
|
0-0: Ground out 6-3 (Groundball, 6, EV 81.3 MPH)
|
| Top of the 4th over - 0 runs, 0 hits, 0 errors, 0 left on base; Toronto 0 - California 1 |
| BOTTOM OF THE 4TH |
|
California Angels batting - Pitching for Toronto Blue Jays : LHP Tom Deidel
|
|
Batting: RHB Duke Hinds
|
0-0: Called Strike 0-1: Swinging Strike 0-2: Ball 1-2: Ball 2-2: Fly out, F9 (Line Drive, 9, EV 93.1 MPH)
|
|
Batting: SHB Jon Hernandez
|
0-0: Foul Ball, location: 2F 0-1: Ball 1-1: Called Strike 1-2: Strikes out looking
|
|
Batting: RHB Jeff Atherton
|
0-0: Ball 1-0: Swinging Strike 1-1: Ball 2-1: Foul Ball, location: 2F 2-2: Foul Ball, location: 2F 2-2: Ball 3-2: Base on Balls
|
|
Batting: LHB John Milner
|
0-0: Ball 1-0: Ball 2-0: Foul Ball, location: 2F 2-1: 2-RUN HOME RUN (Flyball, 7D, EV 98.1 MPH), Distance : 392 ft
|
|
Batting: SHB Manny Castillo
|
0-0: Ball 1-0: Foul Ball, location: 2F 1-1: Called Strike 1-2: Strikes out swinging
|
| Bottom of the 4th over - 2 runs, 1 hit, 0 errors, 0 left on base; Toronto 0 - California 3 |
| TOP OF THE 5TH |
|
Toronto Blue Jays batting - Pitching for California Angels : RHP Clay Kirby
|
|
Pitching: LHP Tug McGraw
|
|
|
Batting: LHB Darryl Strawberry
|
0-0: Ball 1-0: Called Strike 1-1: Ball 2-1: DOUBLE (Line Drive, 7LM, EV 90.6 MPH)
|
|
Batting: RHB Cal Ripken
|
0-0: Fly out, F4 (Popup, 3S, EV 73.1 MPH)
|
|
Batting: LHB Paul O'Neill
|
0-0: Ball 1-0: Fly out, F8 (Line Drive, 8RM, EV 98.1 MPH)
|
|
Batting: RHB Fritzie Connally
|
0-0: Ball 1-0: Foul Ball, location: 2F 1-1: SINGLE (Groundball, 56S, EV 67.5 MPH) (infield hit) Darryl Strawberry to third
|
|
Batting: RHB Dann Bilardello
|
0-0: Swinging Strike 0-1: Ball Pickoff Throw by Catcher to First - Out!
|
| Top of the 5th over - 0 runs, 2 hits, 0 errors, 1 left on base; Toronto 0 - California 3 |
| BOTTOM OF THE 5TH |
|
California Angels batting - Pitching for Toronto Blue Jays : LHP Tom Deidel
|
|
Pitching: RHP Dane Anthony
|
|
|
Batting: SHB Ignacio Medina
|
0-0: Called Strike 0-1: Foul Ball, location: 2F 0-2: Ball 1-2: Ground out 5-3 (Groundball, 56, EV 81.3 MPH)
|
|
Batting: RHB Mike Bishop
|
0-0: Foul Ball, location: 2F 0-1: Swinging Strike 0-2: Ball 1-2: Ball 2-2: Fly out, F7 (Flyball, 7D, EV 103.1 MPH)
|
|
Batting: LHB Franklin Lopez
|
0-0: Fly out, F8 (Flyball, 8LD, EV 87.5 MPH)
|
| Bottom of the 5th over - 0 runs, 0 hits, 0 errors, 0 left on base; Toronto 0 - California 3 |
| TOP OF THE 6TH |
|
Toronto Blue Jays batting - Pitching for California Angels : LHP Tug McGraw
|
|
Batting: RHB Dann Bilardello
|
0-0: Ground out 4-3 (Groundball, 4, EV 86.9 MPH)
|
|
Batting: LHB Sheldon Mallory
|
0-0: Ball 1-0: Bunt for hit to 25 - play at first, batter OUT! 5-3
|
|
Batting: RHB Jose Gonzalez
|
0-0: Ground out 4-3 (Groundball, 4, EV 105.0 MPH)
|
| Top of the 6th over - 0 runs, 0 hits, 0 errors, 0 left on base; Toronto 0 - California 3 |
| BOTTOM OF THE 6TH |
|
California Angels batting - Pitching for Toronto Blue Jays : RHP Dane Anthony
|
|
Batting: RHB Frank White
|
0-0: Foul Ball, location: 2F 0-1: Swinging Strike 0-2: Ball 1-2: Ball 2-2: Strikes out swinging
|
|
Batting: RHB Duke Hinds
|
0-0: Ball 1-0: Called Strike 1-1: Fly out, F8 (Flyball, 78M, EV 84.4 MPH)
|
|
Batting: SHB Jon Hernandez
|
0-0: Called Strike 0-1: Ball 1-1: Ball 2-1: Ball 3-1: Base on Balls
|
|
Batting: RHB Jeff Atherton
|
0-0: Ball 1-0: Ball 2-0: Ball 3-0: Base on Balls Jon Hernandez to second
|
|
Batting: LHB John Milner
|
0-0: Foul Ball, location: 2F 0-1: Called Strike 0-2: Ball 1-2: Ball 2-2: SINGLE (Groundball, 4MD, EV 105.0 MPH) Jon Hernandez to third Jeff Atherton to second Runner from 3rd tries for Home, SAFE, throw by CF to home
|
|
Batting: SHB Manny Castillo
|
0-0: Fly out, F9 (Flyball, 9, EV 83.8 MPH)
|
| Bottom of the 6th over - 1 run, 1 hit, 0 errors, 2 left on base; Toronto 0 - California 4 |
| TOP OF THE 7TH |
|
Toronto Blue Jays batting - Pitching for California Angels : LHP Tug McGraw
|
|
Batting: SHB Harold Reynolds
|
0-0: Ball 1-0: Ball 2-0: Foul Ball, location: 2F 2-1: Ball 3-1: Base on Balls
|
|
Batting: RHB Juan Monasterio
|
0-0: Foul Ball, location: 2F 0-1: Foul Ball, location: 2F 0-2: Foul Ball, location: 2F 0-2: Ball 1-2: SINGLE (Flyball, 5D, EV 87.5 MPH) Harold Reynolds to second
|
|
Batting: LHB Darryl Strawberry
|
0-0: Ball 1-0: Called Strike 1-1: Called Strike 1-2: Ball 2-2: Foul Ball, location: 2F 2-2: Ball 3-2: Base on Balls Harold Reynolds to third Juan Monasterio to second
|
|
Batting: RHB Cal Ripken
|
0-0: Ball 1-0: Ball 2-0: Ball 3-0: Called Strike 3-1: Ground out 4-3 (Groundball, 4MD, EV 104.4 MPH) Harold Reynolds scores Juan Monasterio to third Darryl Strawberry to second
|
|
Pitching: RHP Alfredo Rojas
|
|
|
Batting: LHB Paul O'Neill
|
0-0: Ball 1-0: Called Strike 1-1: Ball 2-1: Swinging Strike 2-2: Ball 3-2: Base on Balls
|
|
Batting: RHB Fritzie Connally
|
0-0: Called Strike 0-1: Ball 1-1: Foul Ball, location: 2F 1-2: Foul Ball, location: 2F 1-2: Foul Ball, location: 2F 1-2: Strikes out looking
|
|
Batting: RHB Dann Bilardello
|
0-0: Ball 1-0: Swinging Strike 1-1: Called Strike 1-2: Strikes out swinging
|
| Top of the 7th over - 1 run, 1 hit, 0 errors, 3 left on base; Toronto 1 - California 4 |
| BOTTOM OF THE 7TH |
|
California Angels batting - Pitching for Toronto Blue Jays : RHP Dane Anthony
|
|
Batting: SHB Ignacio Medina
|
0-0: Called Strike 0-1: Ball 1-1: Ball 2-1: Ground out U3 (Groundball, 3, EV 103.1 MPH)
|
|
Batting: RHB Mike Bishop
|
0-0: Called Strike 0-1: Swinging Strike 0-2: Foul Ball, location: 2F 0-2: Ball 1-2: Ball 2-2: SOLO HOME RUN (Flyball, 7D, EV 97.5 MPH), Distance : 393 ft
|
|
Batting: LHB Franklin Lopez
|
0-0: Ball 1-0: Swinging Strike 1-1: Foul Ball, location: 2F 1-2: SINGLE (Line Drive, 9LS, EV 113.1 MPH)
|
|
Pinch Hitting: RHB Rafael Ramirez
|
0-0: Fly out, F3 (Popup, 3SF, EV 82.5 MPH)
|
|
Batting: LHB Jason D Thompson
|
0-0: Foul Ball, location: 2F 0-1: Ball 1-1: Ball 2-1: Ball 3-1: Foul Ball, location: 2F 3-2: Base on Balls Franklin Lopez to second
|
|
Batting: SHB Jon Hernandez
|
0-0: Foul Ball, location: 2F 0-1: Ground out 4-3 (Groundball, 4, EV 88.8 MPH)
|
| Bottom of the 7th over - 1 run, 2 hits, 0 errors, 2 left on base; Toronto 1 - California 5 |
| TOP OF THE 8TH |
|
Toronto Blue Jays batting - Pitching for California Angels : RHP Alfredo Rojas
|
|
Now at 2B: Rafael Ramirez
|
|
|
Now in CF: Carlos Pimentel
|
|
|
Pinch Hitting: RHB Hubie Brooks
|
0-0: SINGLE (Groundball, 56S, EV 65.0 MPH) (infield hit)
|
|
Pinch Hitting: LHB Ray Cosey
|
0-0: Swinging Strike 0-1: Swinging Strike 0-2: Ball 1-2: Strikes out looking
|
|
Pinch Hitting: RHB Jose Carrillo
|
0-0: Ball 1-0: Swinging Strike 1-1: Grounds into double play, 5-4-3 (Groundball, 56S, EV 81.9 MPH)
|
| Top of the 8th over - 0 runs, 1 hit, 0 errors, 0 left on base; Toronto 1 - California 5 |
| BOTTOM OF THE 8TH |
|
California Angels batting - Pitching for Toronto Blue Jays : RHP Dane Anthony
|
|
Now at 2B: Jose Carrillo
|
|
|
Now in LF: Hubie Brooks
|
|
|
Now in CF: Ray Cosey
|
|
|
Pinch Hitting: RHB Dave L Stapleton
|
0-0: Fly out, F9 (Flyball, 9S, EV 82.5 MPH)
|
|
Pinch Hitting: LHB Brian Rosinski
|
0-0: Called Strike 0-1: Ball 1-1: Swinging Strike 1-2: Strikes out swinging
|
|
Pinch Hitting: LHB Geno Petralli
|
0-0: Foul Ball, location: 2F 0-1: Called Strike 0-2: Strikes out swinging
|
| Bottom of the 8th over - 0 runs, 0 hits, 0 errors, 0 left on base; Toronto 1 - California 5 |
| TOP OF THE 9TH |
|
Toronto Blue Jays batting - Pitching for California Angels : RHP Alfredo Rojas
|
|
Now at 2B: Dave L Stapleton
|
|
|
Now at 3B: Jerry Willard
|
|
|
Now in LF: Brian Rosinski
|
|
|
Pinch Hitting: RHB Jeremy Nelson
|
0-0: Fly out, F4 (Popup, 4M, EV 65.6 MPH)
|
|
Batting: RHB Andres Galarraga
|
0-0: Swinging Strike 0-1: Foul Ball, location: 2F 0-2: Strikes out swinging
|
|
Pinch Hitting: LHB Jon Jimenez
|
0-0: Ball 1-0: Called Strike 1-1: Swinging Strike 1-2: Strikes out looking
|
| Top of the 9th over - 0 runs, 0 hits, 0 errors, 0 left on base; Toronto 1 - California 5 |
|